 Dungeon Crawl Stone Soup version 0.26-a0-639-g72c4674329 (webtiles) character file.

Game seed: 17899455887035649306

28808 Borgoz the Basher (level 13, -9/88 HPs)
             Began as a Gargoyle Gladiator on Sept 18, 2020.
             Was the Champion of Makhleb.
             Killed by divine providence
             ... invoked by a smoke demon
             ... summoned by Frances
              (16 damage)
             ... on level 14 of the Dungeon.
             The game lasted 00:33:28 (16005 turns).

Borgoz the Basher (Gargoyle Gladiator)             Turns: 16005, Time: 00:33:29

Health: -9/88      AC: 28    Str: 33    XL:     13   Next: 41%
Magic:  20/20      EV: 19    Int:  6    God:    Makhleb [******]
Gold:   686        SH:  5    Dex: 19    Spells: 17/22 levels left

rFire    + + .     SeeInvis .   a - +7 morningstar "Vecsek" {protect, rC++ Str+7 Int-4}
rCold    + + .     Faith    .   (no shield)
rNeg     + . .     Spirit   .   M - +2 ring mail of Xoylig {Rampage rF+ Dex+2}
rPois    ∞         Reflect  +   A - +2 helmet of Titagrelac {rCorr}
rElec    +         Harm     .   B - +0 cloak {MR+}
rCorr    +         Rampage  +   R - +2 pair of gloves {archery}
MR       +....     Rnd*Rage +   (no boots)
Stlth    +++++.....             k - amulet of reflection
HPRegen  0.24/turn              J - ring of protection from fire
MPRegen  0.17/turn              g - +6 ring of strength

@: about to teleport
A: thin skeletal structure 2, yellow scales 1, berserk 1, negative energy
resistance 1, robust 1, electricity resistance, unbreathing, petrification
resistance, rot immunity, AC +9
a: Minor Destruction, Lesser Servant of Makhleb, Major Destruction, Greater
Servant of Makhleb, Renounce Religion


You were on level 14 of the Dungeon.
You worshipped Makhleb.
Makhleb was exalted by your worship.
You visited 2 branches of the dungeon, and saw 15 of its levels.
You also visited: Bailey.

You collected 1112 gold pieces.
You spent 426 gold pieces at shops.

Inventory:

Hand Weapons
 a - the +7 morningstar "Vecsek" (weapon) {protect, rC++ Str+7 Int-4}
   (You bought it in a shop on level 14 of the Dungeon)

   It grants its wielder temporary protection when it strikes (+7 to AC).
   It affects your strength (+7).
   It affects your intelligence (-4).
   It greatly protects you from cold.
Missiles
 d - 8 throwing nets (quivered)
Armour
 v - the +2 ring mail of Defence {Str+4}
   (You found it on level 5 of the Dungeon)

   It affects your strength (+4).
 w - a scarf of harm
 A - the +2 helmet of Titagrelac (worn) {rCorr}
   (You found it on level 9 of the Dungeon)

   It provides partial protection from all sources of acid and corrosion.
 B - a +0 cloak of magic resistance (worn)
 M - the +2 ring mail of Xoylig (worn) {Rampage rF+ Dex+2}
   (You found it on level 10 of the Dungeon)

   It affects your dexterity (+2).
   It protects you from fire.
   It bestows one free step when moving towards enemies.
 R - a +2 pair of gloves of archery (worn)
Jewellery
 g - a +6 ring of strength (right hand)
 k - an amulet of reflection (around neck)
 x - an uncursed ring of see invisible
 J - a ring of protection from fire (left hand)
 K - an uncursed ring of positive energy
 P - an uncursed ring of protection from magic
Wands
 p - a wand of enslavement (11)
 E - a wand of iceblast (14)
 F - a wand of digging (8)
 G - a wand of flame (34)
 H - a wand of paralysis (10)
 O - a wand of disintegration (20)
Scrolls
 b - 2 scrolls of torment {unknown}
 e - 5 scrolls of remove curse
 f - 7 scrolls of teleportation
 j - 2 scrolls of fear {unknown}
 l - 3 scrolls of enchant armour {unknown}
 m - a scroll of noise {unknown}
 r - a scroll of magic mapping
 s - a scroll of enchant weapon
 y - 3 scrolls of blinking {unknown}
 N - a scroll of fog {unknown}
 Q - a scroll of holy word {unknown}
Potions
 c - 2 potions of resistance
 h - 3 potions of curing
 n - 3 potions of flight
 o - a potion of cancellation
 q - 2 potions of magic
 t - 3 potions of stabbing
 u - a potion of brilliance
 C - 3 potions of haste
 I - a potion of invisibility {unknown}


   Skills:
 + Level 9.2 Fighting
 * Level 11.8 Maces & Flails
 - Level 1.7 Throwing
 + Level 8.9 Armour
 * Level 10.0 Dodging
 - Level 5.0 Stealth
 - Level 5.0 Spellcasting
 - Level 5.0 Hexes
 - Level 5.0 Evocations


You had 17 spell levels left.
You knew the following spells:

 Your Spells              Type           Power        Failure   Level
a - Confusing Touch       Hex            #.......     16%         3
b - Blink                 Tloc           N/A          52%         2

Your spell library contained the following spells:

 Spells                   Type           Power        Failure   Level
 Corona                   Hex            #......      4%          1
 Slow                     Hex            #.......     8%          2
 Tukima's Dance           Hex            #.......     16%         3
 Ensorcelled Hibernation  Hex/Ice        #.....       22%         2
 Freeze                   Ice            #...         36%         1
 Magic Dart               Conj           #...         36%         1
 Dazzling Flash           Conj/Hex       #.....       38%         3
 Call Imp                 Summ           #.......     52%         2
 Conjure Flame            Conj/Fire      #.......     75%         3
 Frozen Ramparts          Ice            #.....       75%         3
 Gell's Gravitas          Tloc           #.........   75%         3
 Lesser Beckoning         Tloc           #.........   75%         3
 Mephitic Cloud           Conj/Pois/Air  #.......     75%         3
 Ozocubu's Armour         Ice            #.......     75%         3
 Teleport Other           Tloc           #.......     75%         3
 Hailstorm                Conj/Ice       #.......     98%         4
 Passage of Golubria      Tloc           N/A          98%         4
 Petrify                  Tmut/Erth      #.......     98%         4
 Summon Ice Beast         Ice/Summ       #.......     98%         4
 Metabolic Englaciation   Hex/Ice        #.........   98%         5
 Silence                  Hex/Air        #.........   98%         5
 Yara's Violent Unravell  Hex/Tmut       #.........   98%         5
 Bolt of Magma            Conj/Fire/Erth #.........   100%        5
 Borgnjor's Vile Clutch   Necr/Erth      #.........   100%        5
 Iskenderun's Battlesphe  Conj           #.......     100%        5
 Iron Shot                Conj/Erth      #.........   100%        6
 Shadow Creatures         Summ           N/A          100%        6
 Orb of Destruction       Conj           #.........   100%        7
 Spellforged Servitor     Conj/Summ      #.........   100%        7


Dungeon Overview and Level Annotations

Branches:
Dungeon (14/15)            Temple (1/1) D:5            Lair (0/6) D:8
    Orc (0/2) D:9          Bailey (visited)
 Vaults: D:13-14

Altars:
Ashenzari
Cheibriados
Dithmenos
Elyvilon
Fedhas
Gozag
Hepliaklqana
Kikubaaqudgha
Makhleb
Nemelex Xobeh
Okawaru
Qazlal
Ru
Sif Muna
Trog
Uskayaw
Vehumet
Wu Jian
Xom
Yredelemnul
Zin
The Shining One
Beogh

Shops:
D:7 ?   D:9 [   D:11 !   D:14 (((=

Annotations:
D:9 2 transporters, Lugonue's ghost, novice DECj
D:14 Frances


Innate Abilities, Weirdness & Mutations

You are resistant to torment.
Your stone body is resilient. (AC +9)
You are immune to poison.
You resist negative energy. (rN+)
You are resistant to electric shocks. (rElec)
You can survive without breathing.
You are immune to petrification.
You are immune to rotting.
You have a moderately thin skeletal structure. (Dex +4, Stealth+)
You are partially covered in yellow scales. (AC +2)
You tend to lose your temper in combat.
You are robust. (+10% HP)


Message History

Something smites you!
* * * LOW HITPOINT WARNING * * *
The white imp is engulfed in a cloud of scalding steam.
The shadow imp is engulfed in a cloud of scalding steam.
The shadow imp dies!
The neqoxec is engulfed in a cloud of scalding steam.
As you read the scroll of teleportation, it crumbles to dust.
You feel strangely unstable.
Frances is engulfed in a cloud of scalding steam.
The quasit bites you but does no damage.
The quasit closely misses you.
The quasit claws you but does no damage.
The neqoxec is engulfed in a cloud of scalding steam.
The neqoxec gestures at you.
Something tries to feed on your intellect!
You block the quasit's attack.
The quasit claws you but does no damage. x2
The smoke demon gestures at you. Something smites you!
You die...

#..
#####+####
#........#
#...>...§+
#∩.....§§#
#))..§§§§#
#..353...#
#..4.5.§.#
#....@.@.#
##########


You could see Frances (fast), an orange demon (summoned), a smoke demon
(summoned), a neqoxec (summoned), a quasit (summoned) and a white imp
(summoned).

Vanquished Creatures
  Gastronok (D:11)
  Snorg (D:14)
  The ghost of Alarkh the Martial Artist, a journeyman DsGl of Uskayaw (D:11)
  A death knight (D:13)
  2 centaur warriors (D:14)
  2 two-headed ogres
  Urug (D:11)
  A skeletal warrior (D:13)
  4 unseen horrors
  A deep elf mage (D:14)
  5 ugly things
  A cyclops (D:14)
  An orc knight (D:12)
  Psyche (D:11)
  Maggie (D:7)
  2 centaur skeletons
  6 trolls
  10 slime creatures
  6 hippogriffs
  A spriggan (shapeshifter) (D:14)
  2 wraiths (D:12)
  A wyvern (D:9)
  7 yaks (D:12)
  2 vampire mosquitoes (D:12)
  Menkaure (D:4)
  A soldier ant (D:13)
  Edmund (D:6)
  3 water moccasins
  Duvessa (D:4)
  5 ice beasts
  5 phantoms
  2 sky beasts (D:12)
  An eye of draining (D:11)
  14 orc warriors
  A hornet zombie (D:12)
  A necrophage (D:10)
  4 ogres
  11 centaurs
  2 crocodiles
  4 big kobolds
  2 bullfrogs
  Dowan (D:4)
  A wyvern skeleton (D:7)
  8 gnoll sergeants (Bailey)
  A scorpion (D:6)
  6 killer bees
  5 wights (D:14)
  7 howler monkeys
  An electric eel (D:7)
  A bullfrog zombie (D:5)
  A centaur zombie (D:7)
  13 hounds
  7 gnoll shamans
  9 orc priests
  A bullfrog skeleton (D:11)
  5 jellies
  15 orc wizards
  Crazy Yiuf (D:6)
  8 worker ants
  7 iguanas
  A hound skeleton (D:11)
  Robin (D:3)
  26 gnolls
  A howler monkey skeleton (D:11)
  11 adders
  5 shadow imps
  3 white imps
  2 oozes
  An adder skeleton (D:4)
  6 worms
  A dart slug (D:3)
  7 leopard geckos
  73 orcs
  4 giant cockroaches
  2 gnoll zombies (D:4)
  17 goblins
  12 hobgoblins
  13 jackals
  20 kobolds
  4 quokkas
  7 bats
  6 frilled lizards
  2 jackal zombies
  3 leopard gecko skeletons
  A quokka skeleton (D:4)
  8 rats
455 creatures vanquished.

Vanquished Creatures (others)
  A vault guard (D:14)
  A sky beast (D:14)
  A kobold (D:12)
  6 plants (D:4)
9 creatures vanquished.

Grand Total: 464 creatures vanquished

Notes
Turn   | Place    | Note
-------+----------+-------------------------------------------
     0 | D:1      | Borgoz the Gargoyle Gladiator began the quest for the Orb.
     0 | D:1      | Reached XP level 1. HP: 12/12 MP: 1/1
   229 | D:1      | Reached XP level 2. HP: 17/17 MP: 2/2
   638 | D:1      | Reached XP level 3. HP: 22/22 MP: 3/3
  1042 | D:2      | Gained mutation: You are partially covered in yellow
                  | scales. (AC +2) [potion of mutation]
  1042 | D:2      | Gained mutation: Scrolls take you a little longer to read.
                  | [potion of mutation]
  1042 | D:2      | Gained mutation: Your spells are a little easier to cast,
                  | but a little less powerful. [potion of mutation]
  1042 | D:2      | Gained mutation: You are robust. (+10% HP) [potion of
                  | mutation]
  1260 | D:1      | Reached skill level 1 in Armour
  1260 | D:1      | Reached skill level 1 in Stealth
  1351 | D:2      | Reached XP level 4. HP: 29/29 MP: 4/4
  1632 | D:2      | Found a hide-covered altar of Uskayaw.
  2166 | D:2      | Found a shimmering altar of Xom.
  2336 | D:3      | Noticed Robin
  2344 | D:3      | Reached XP level 5. HP: 34/35 MP: 5/5
  2454 | D:3      | Killed Robin
  2544 | D:3      | Reached skill level 4 in Maces & Flails
  2950 | D:3      | Found a glowing golden altar of the Shining One.
  3188 | D:4      | Reached XP level 6. HP: 36/40 MP: 6/6
  3420 | D:4      | Learned a level 3 spell: Confusing Touch
  3647 | D:4      | Noticed a phantom
  3665 | D:4      | Killed a phantom
  3785 | D:4      | Reached XP level 7. HP: 35/45 MP: 7/7
  4145 | D:4      | Found a basalt altar of Yredelemnul.
  4208 | D:5      | Entered Level 5 of the Dungeon
  4286 | D:5      | Reached skill level 5 in Maces & Flails
  4422 | D:5      | Noticed Duvessa
  4422 | D:5      | Noticed Menkaure
  4422 | D:5      | Noticed Dowan
  4446 | D:4      | Killed Duvessa
  4454 | D:4      | Killed Menkaure
  4463 | D:4      | Killed Dowan
  4714 | D:5      | Reached XP level 8. HP: 49/52 MP: 8/8
  5160 | D:5      | Found a bloodstained altar of Trog.
  5166 | D:5      | Got a warped dagger
  5167 | D:5      | Identified the +6 dagger of Impatience {speed, +Fly rPois
                  | rF++ Stlth+} (You found it on level 5 of the Dungeon)
  5192 | D:5      | Found a shadowy altar of Dithmenos.
  5326 | D:5      | Found a staircase to the Ecumenical Temple.
  5370 | Temple   | Entered the Ecumenical Temple
  5527 | Temple   | Became a worshipper of Makhleb the Destroyer
  5624 | D:5      | Got a pitted ring mail
  5635 | D:5      | Identified the +2 ring mail of Defence {Str+4} (You found
                  | it on level 5 of the Dungeon)
  5730 | D:5      | Found a sacrificial altar of Ru.
  6520 | D:6      | Found a runed translucent door.
  6521 | D:6      | Noticed Crazy Yiuf
  6529 | D:6      | Killed Crazy Yiuf
  6628 | D:6      | Noticed Edmund
  6645 | D:6      | Killed Edmund
  6645 | D:6      | Reached skill level 5 in Dodging
  6666 | D:6      | Reached skill level 6 in Maces & Flails
  6699 | D:6      | Found an iron altar of Okawaru.
  6732 | D:6      | Found a white marble altar of Elyvilon.
  7492 | D:7      | Reached * piety under Makhleb
  7502 | D:7      | You fall into a shaft and drop 1 floor!
  7618 | D:8      | Found an ancient bone altar of Kikubaaqudgha.
  7619 | D:8      | Found a blossoming altar of Fedhas.
  7812 | D:8      | Reached XP level 9. HP: 52/58 MP: 9/9
  7893 | D:8      | Reached skill level 5 in Fighting
  8030 | D:7      | Reached skill level 7 in Maces & Flails
  8064 | D:7      | Noticed Maggie
  8080 | D:7      | Killed Maggie
  8080 | D:7      | Reached skill level 5 in Stealth
  8218 | D:7      | Found Bomoet's Magic Scroll Emporium.
  8228 | D:7      | Bought a scroll of remove curse for 45 gold pieces
  8228 | D:7      | Bought a scroll of teleportation for 45 gold pieces
  8289 | D:7      | Reached skill level 5 in Armour
  8298 | D:7      | Reached ** piety under Makhleb
  8848 | D:7      | Reached skill level 8 in Maces & Flails
  9088 | D:8      | Found a staircase to the Lair.
  9372 | D:9      | Found a staircase to the Orcish Mines.
  9393 | D:9      | Reached XP level 10. HP: 42/66 MP: 10/10
  9515 | D:9      | Found a transporter.
  9518 | D:9      | Found a transporter.
  9519 | D:9      | Found a bloodstained altar of Trog.
  9532 | D:9      | Found a hazy altar of Hepliaklqana.
  9683 | D:9      | Found Ylimolisedd's Armour Emporium.
  9689 | D:9      | Reached skill level 1 in Evocations
  9703 | D:9      | Reached skill level 1 in Spellcasting
  9703 | D:9      | Reached skill level 1 in Hexes
  9783 | D:9      | Identified the +5 trident "Goblinslayer" {antimagic, rPois
                  | Str+4 Dex-5 SInv}
  9783 | D:9      | Noticed a tengu warrior
  9791 | D:9      | Noticed Lugonue's ghost (novice DECj)
  9796 | D:9      | Noticed a two-headed ogre
  9894 | D:9      | Got an ancient helmet
  9905 | D:9      | Identified the +2 helmet of Titagrelac {rCorr} (You found
                  | it on level 9 of the Dungeon)
 10056 | D:9      | Noticed a two-headed ogre
 10241 | D:9      | Found a roughly hewn altar of Beogh.
 10499 | D:10     | Entered Level 10 of the Dungeon
 10549 | D:10     | Noticed an unseen horror
 10568 | D:10     | Killed an unseen horror
 10568 | D:10     | Reached *** piety under Makhleb
 10680 | D:10     | Reached skill level 9 in Maces & Flails
 10996 | D:10     | Learned a level 2 spell: Blink
 11037 | D:10     | Got a translucent ring mail
 11048 | D:10     | Identified the +2 ring mail of Xoylig {Rampage rF+ Dex+2}
                  | (You found it on level 10 of the Dungeon)
 11152 | D:10     | Reached XP level 11. HP: 72/72 MP: 14/14
 11253 | D:11     | Found Jigoebo's Distillery.
 11267 | D:11     | Noticed an unseen horror
 11276 | D:11     | Killed an unseen horror
 11286 | D:11     | Bought a potion of mutation for 120 gold pieces
 11286 | D:11     | Lost mutation: Scrolls take you a little longer to read.
                  | [potion of mutation]
 11286 | D:11     | Lost mutation: Your spells are a little easier to cast, but
                  | a little less powerful. [potion of mutation]
 11286 | D:11     | Gained mutation: You are agile. (Dex +2) [potion of
                  | mutation]
 11286 | D:11     | Gained mutation: You tend to lose your temper in combat.
                  | [potion of mutation]
 11286 | D:11     | Gained mutation: You have a somewhat thin skeletal
                  | structure. (Dex +2, Stealth) [potion of mutation]
 11286 | D:11     | Gained mutation: You have a moderately thin skeletal
                  | structure. (Dex +4, Stealth+) [potion of mutation]
 11319 | D:11     | Reached **** piety under Makhleb
 11320 | D:11     | Noticed Urug
 11336 | D:11     | Noticed a purple ugly thing
 11350 | D:11     | Killed Urug
 11374 | D:11     | Killed a purple ugly thing
 11403 | D:11     | Noticed an unseen horror
 11414 | D:11     | Noticed Gastronok
 11425 | D:11     | Killed an unseen horror
 11438 | D:11     | Killed Gastronok
 11492 | D:11     | Found a runed translucent door.
 11499 | D:11     | Noticed Alarkh's ghost (journeyman DsGl)
 11551 | D:11     | Killed Alarkh's ghost
 11551 | D:11     | Reached skill level 10 in Maces & Flails
 11904 | D:11     | Noticed Psyche
 11917 | D:11     | Killed Psyche
 12251 | D:12     | Found a flagged portal.
 12262 | D:12     | Reached XP level 12. HP: 80/80 MP: 17/17
 12307 | Bailey   | Entered a bailey
 12321 | Bailey   | Reached ***** piety under Makhleb
 13680 | D:13     | Noticed a death knight
 14252 | D:13     | Killed a death knight
 14475 | D:13     | Noticed a two-headed ogre
 14488 | D:13     | Killed a two-headed ogre
 14488 | D:13     | Reached skill level 11 in Maces & Flails
 15208 | D:14     | Noticed a centaur warrior
 15260 | D:14     | Killed a vault guard
 15262 | D:14     | Killed a centaur warrior
 15389 | D:14     | Found Caiwenu's Weapon Shoppe.
 15412 | D:14     | Reached XP level 13. HP: 86/86 MP: 20/20
 15426 | D:14     | Reached skill level 5 in Spellcasting
 15427 | D:14     | Reached ****** piety under Makhleb
 15434 | D:14     | Reached skill level 5 in Evocations
 15434 | D:14     | Noticed Snorg
 15449 | D:14     | Killed Snorg
 15457 | D:14     | Reached skill level 5 in Hexes
 15508 | D:14     | Found a sacrificial altar of Ru.
 15532 | D:14     | Found Vadep's Antique Weapon Boutique.
 15602 | D:14     | Bought a twisted morningstar for 216 gold pieces
 15602 | D:14     | Identified the +7 morningstar "Vecsek" {protect, rC++ Str+7
                  | Int-4} (You bought it in a shop on level 14 of the Dungeon)
 15857 | D:14     | Reached skill level 10 in Dodging
 15862 | D:14     | Found Illa Tarolle's Jewellery Boutique.
 15972 | D:14     | Found Coned's Weapon Shop.
 15972 | D:14     | Noticed Frances
 15991 | D:14     | Lost mutation: You are agile. (Dex +2) [a neqoxec]
 16005 | D:14     | Killed from afar by a smoke demon

Illustrated notes

Levels and vault maps discovered:
D:1:      eino_arrival_cavern_a, layout_basic, nrook_campfire
D:2:      layout_loops_ring, marbit_many_paths, overflow_temple_1_default
D:3:      layout_loops_ring, tso_metal_star, uniq_robin
D:4:      layout_rooms, lemuel_zombie_altar_yredelemnul, serial_bayou,
          serial_bayou_ford_a, serial_bayou_pond_d, serial_bayou_shore_b,
          serial_bayou_crossing, grunt_ministairs_15
D:5:      layout_basic, nicolae_dithmenos_shadow_blocks, bloody_trog,
          old_standard_altar, lemuel_temple_firewalk_b, corexii_shack,
          grunt_decor_clamped, grunt_ministairs_14, uniq_duvessa, uniq_menkaure
D:6:      layout_gridville, kennysheep_mini, lemuel_crystal_altar,
          serial_rivers, chequers_serial_rivers_large_a,
          chequers_serial_rivers_micro_b, chequers_serial_rivers_marsh,
          chequers_serial_rivers_small_3, chequers_serial_rivers_room_a,
          chequers_serial_rivers_micro_d, minmay_circle_x, uniq_edmund,
          uniq_crazy_yiuf_cottage
D:7:      layout_loops_ring, serial_shops, shop, nicolae_lava_and_water,
          uniq_maggie
D:8:      layout_basic, grunt_temple_overflow_growth_and_decay, lair_entry_dummy
D:9:      layout_cave_pods, nicolae_overflow_crystal_walls,
          minmay_orc_entry_temple_small, gammafunk_ghost_wrathful_warriors,
          serial_shops, nicolae_shop_waterfront
D:10:     layout_loops_ring
D:11:     layout_cave_pools, ebering_ghost_inner_flame, serial_shops, shop,
          minmay_misc_feat_doors, uniq_gastronok, uniq_urug, uniq_psyche
D:12:     layout_long_grid, special_room [special_room_orc], enter_bailey_6
D:13:     layout_long_grid
D:14:     layout_roguey, ximxim_vaults_locker_room, nicolae_ru_awakened_eye,
          serial_shops, shop, shop, shop, shop, uniq_snorg, uniq_frances,
          uniq_rupert
Temple:   jpeg_temple_clearing

Skill      XL: |  1  2  3  4  5  6  7  8  9 10 11 12 13 |
---------------+----------------------------------------+-----
Armour         | 1 2 3 4 5 6 7 8 |  8.9
Stealth        | 1 2 3 4 5 |  5.0
Dodging        | 3 4 5 6 7 8 9 10 | 10.0
Fighting       | 3 4 6 7 8 9 |  9.2
Maces & Flails | 4 5 6 8 9 10 11 | 11.8
Evocations     | 2 3 4 5 |  5.0
Spellcasting   | 2 3 4 5 |  5.0
Hexes          | 2 3 4 5 |  5.0
Throwing       | |  1.7

Action                   |  1- 3 |  4- 6 |  7- 9 | 10-12 | 13-15 || total
-------------------------+-------+-------+-------+-------+-------++-------
Melee: Flail             |    96 |   275 |   455 |    94 |       ||   920
       Dire flail        |       |       |       |   818 |    65 ||   883
       Morningstar       |       |       |       |       |   105 ||   105
Throw: Throwing net      |       |       |     5 |     3 |       ||     8
  Use: Potion            |     1 |       |     3 |     5 |       ||     9
       Scroll            |       |       |    10 |     7 |     1 ||    18
 Stab: Sleeping          |     1 |     5 |     5 |    17 |     4 ||    32
       Held in net/web   |       |       |     2 |     3 |       ||     5
       Distracted        |       |       |       |       |     1 ||     1
Armor: Leather armour    |    45 |    87 |       |       |       ||   132
       Ring mail         |       |    68 |   245 |   338 |   121 ||   772
Dodge: Dodged            |    93 |   243 |   318 |   645 |   221 ||  1520
Block: Other             |       |       |    78 |   192 |    52 ||   322
       Reflection        |       |       |       |     5 |     2 ||     7

Table legend: (Time is in decaauts)
 A = Elapsed time spent in this place.
 B = Non-inter-level travel time spent in this place.
 C = Inter-level travel time spent in this place.
 D = Time resting spent in this place.
 E = Time spent auto-exploring this place.
 F = Levels seen in this place.
 G = Mean time per level.
                   A        B        C        D        E       F      G
               +--------+--------+--------+--------+--------+-----+--------+
         Total |  16041 |  15398 |    643 |   2617 |   8972 |  16 | 1002.6 |
       Dungeon |  15291 |  14728 |    563 |   2498 |   8697 |  14 | 1092.2 |
        Temple |    173 |     93 |     80 |      0 |     74 |   1 |  173.0 |
        Bailey |    576 |    576 |      0 |    119 |    201 |   1 |  576.0 |
               +--------+--------+--------+--------+--------+-----+--------+

Top non-repeatable levels by time:
     D:4: 1626 daAuts
     D:5: 1470 daAuts
     D:1: 1251 daAuts
    D:12: 1224 daAuts
     D:2: 1212 daAuts
     D:9: 1124 daAuts
    D:13: 1120 daAuts
     D:6: 1085 daAuts
     D:7: 1080 daAuts
    D:11: 930 daAuts
     D:8: 849 daAuts
    D:14: 836 daAuts
     D:3: 773 daAuts
    D:10: 706 daAuts
  Bailey: 576 daAuts
